General information
- name: BNet
- type: Ladder team game (AT/RT)
- host: Battle.net
- saver: MsClausPlusNine
map: Dragonblight
- players: 6
- length: 98:06
- speed: Fast
- version: 1.26 W3XP
- replay type:

» download(706 KB)
Players
team 1 (loser)
0neg1n (
red | 44 APM | 4313 actions | 97:06)
5 Archmage
3 Summon Water Elemental
2 Brilliance Aura
4 Mountain King
2 Storm Bolt
2 Thunder Clap
» actions
| Assign group hotkey | 64 | |
| Basic commands | 35 | |
| Build / train | 187 | |
| Enter build submenu | 72 | |
| Enter hero's abilities submenu | 9 | |
| Give item / drop item | 6 | |
| Remove unit from queue | 1 | |
| Right click | 2170 | |
| Select / deselect | 986 | |
| Select group hotkey | 437 | |
| Use ability | 344 | |
4313 total
» units
| Peasant | 31 | |
| Footman | 8 | |
| Sorceress | 3 | |
| Siege Engine | 7 | |
| Mortar Team | 10 | |
| Blue Dragon | 38 | |
| Blue Dragon Whelp | 2 | |
| Blue Drake | 2 | |
101 total
» upgrades
| Defend | 1 | |
| Masonry | 3 | |
| Lumber Harvesting | 2 | |
| Magic Sentry | 1 | |
| Barrage | 1 | |
| Gunpowder | 2 | |
| Fragmentation Shards | 1 | |
11 total
» buildings
| Altar of Kings | 1 | |
| Barracks | 1 | |
| Farm | 15 | |
| Keep | 3 | |
| Arcane Vault | 1 | |
| Arcane Sanctum | 2 | |
| Blacksmith | 1 | |
| Lumber Mill | 1 | |
| Scout Tower | 49 | |
| Arcane Tower | 12 | |
| Guard Tower | 28 | |
| Workshop | 2 | |
| Castle | 1 | |
| Town Hall | 1 | |
118 total
» build order
00:08 Altar of Kings
00:14 Barracks
00:20 Farm
00:54 Farm
01:27 Farm
02:06 Farm
02:59 Keep
02:59 Keep
03:31 Arcane Vault
04:23 Farm
05:04 Farm
05:46 Arcane Sanctum
06:25 Arcane Sanctum
06:44 Farm
07:43 Blacksmith
07:52 Lumber Mill
07:53 Scout Tower
07:54 Scout Tower
08:29 Scout Tower
08:31 Scout Tower
08:39 Arcane Tower
08:58 Guard Tower
09:01 Guard Tower
09:03 Scout Tower
09:23 Scout Tower
09:28 Scout Tower
09:49 Workshop
10:58 Guard Tower
11:10 Workshop
12:06 Castle
12:50 Scout Tower
12:51 Scout Tower
13:22 Arcane Tower
13:55 Arcane Tower
14:00 Scout Tower
14:30 Scout Tower
14:34 Scout Tower
14:35 Scout Tower
14:37 Scout Tower
14:41 Scout Tower
14:43 Scout Tower
15:05 Guard Tower
15:07 Arcane Tower
15:08 Guard Tower
15:14 Town Hall
15:16 Guard Tower
15:23 Scout Tower
15:24 Scout Tower
15:25 Scout Tower
15:26 Scout Tower
15:27 Scout Tower
15:59 Arcane Tower
16:02 Scout Tower
16:47 Guard Tower
16:48 Guard Tower
16:48 Guard Tower
16:56 Guard Tower
17:20 Arcane Tower
17:22 Scout Tower
17:24 Guard Tower
17:50 Guard Tower
17:52 Arcane Tower
18:09 Scout Tower
18:35 Scout Tower
18:36 Guard Tower
19:05 Guard Tower
19:07 Scout Tower
19:22 Farm
19:45 Guard Tower
19:47 Scout Tower
19:56 Scout Tower
20:15 Farm
20:55 Guard Tower
21:06 Scout Tower
21:10 Farm
21:49 Arcane Tower
21:51 Scout Tower
21:55 Farm
22:36 Farm
22:55 Guard Tower
22:56 Scout Tower
23:46 Arcane Tower
23:47 Scout Tower
25:14 Guard Tower
25:18 Scout Tower
25:19 Scout Tower
25:20 Scout Tower
25:20 Scout Tower
29:08 Scout Tower
29:09 Scout Tower
29:11 Scout Tower
29:25 Scout Tower
29:26 Scout Tower
29:27 Scout Tower
29:48 Guard Tower
30:15 Arcane Tower
30:16 Guard Tower
30:17 Guard Tower
30:23 Scout Tower
30:25 Scout Tower
30:27 Scout Tower
30:41 Arcane Tower
30:55 Guard Tower
30:57 Guard Tower
31:05 Arcane Tower
32:18 Guard Tower
36:55 Scout Tower
37:45 Farm
41:54 Scout Tower
46:59 Guard Tower
47:04 Scout Tower
49:26 Guard Tower
76:03 Farm
76:28 Farm
» items
| Scroll of Regeneration | 3 | |
| Lesser Clarity Potion | 2 | |
| Scroll of Town Portal | 3 | |
| Orb of Lightning | 1 | |
9 total
Notorik (
purple | 66 APM | 6449 actions | 98:05)
5 Tauren Chieftain
3 Shockwave
2 Endurance Aura
4 Shadow Hunter
2 Hex
2 Healing Wave
» actions
| Assign group hotkey | 61 | |
| Build / train | 89 | |
| Enter build submenu | 31 | |
| Enter hero's abilities submenu | 9 | |
| Right click | 2637 | |
| Select / deselect | 830 | |
| Select group hotkey | 2587 | |
| Use ability | 205 | |
6449 total
» units
| Peon | 14 | |
| Troll Headhunter/Berserker | 17 | |
| Shaman | 9 | |
| Troll Witch Doctor | 6 | |
| Demolisher | 8 | |
54 total
» upgrades
| Ranged Weapons | 3 | |
| Armor | 2 | |
| Troll Regeneration | 1 | |
| Shaman Training | 2 | |
| Berserker Upgrade | 1 | |
| Witch Doctor Training | 2 | |
| Reinforced Defenses | 1 | |
| Burning Oil | 1 | |
13 total
» buildings
| Altar of Storms | 3 | |
| Orc Burrow | 14 | |
| War Mill | 2 | |
| Barracks | 1 | |
| Voodoo Lounge | 1 | |
| Stronghold | 1 | |
| Spirit Lodge | 1 | |
| Fortress | 1 | |
| Watch Tower | 8 | |
| Great Hall | 1 | |
33 total
» build order
00:06 Altar of Storms
00:09 Orc Burrow
00:55 War Mill
01:13 Barracks
01:37 Orc Burrow
02:03 Voodoo Lounge
04:21 Stronghold
04:46 Orc Burrow
06:11 Orc Burrow
06:56 Spirit Lodge
07:34 Fortress
07:58 Watch Tower
08:01 Watch Tower
09:04 Orc Burrow
09:20 Watch Tower
13:35 Orc Burrow
15:55 Watch Tower
16:50 Watch Tower
17:32 Watch Tower
18:56 Great Hall
20:00 Orc Burrow
23:24 War Mill
23:51 Orc Burrow
30:33 Orc Burrow
38:00 Orc Burrow
38:15 Watch Tower
38:18 Watch Tower
41:38 Orc Burrow
61:40 Orc Burrow
66:47 Orc Burrow
66:51 Orc Burrow
67:52 Altar of Storms
71:00 Altar of Storms
» items
| Lesser Clarity Potion | 1 | |
| Healing Salve | 3 | |
| Potion of Healing | 1 | |
| Scroll of Town Portal | 3 | |
| Orb of Lightning | 1 | |
9 total
ryu)hero (
teal | 87 APM | 7717 actions | 88:50)
5 Beastmaster
2 Summon Quilbeast
3 Summon Hawk
4 Dark Ranger
2 Black Arrow
2 Silence
» actions
| Assign group hotkey | 368 | |
| Build / train | 187 | |
| Enter build submenu | 41 | |
| Enter hero's abilities submenu | 9 | |
| Give item / drop item | 1 | |
| Remove unit from queue | 16 | |
| Right click | 3309 | |
| Select / deselect | 1521 | |
| Select group hotkey | 1902 | |
| Use ability | 363 | |
7717 total
» units
| Wisp | 64 | |
| Archer | 19 | |
| Hippogryph | 65 | |
| Blue Dragon | 5 | |
153 total
» upgrades
| Improved Bows | 1 | |
| Hippogryph Taming | 1 | |
2 total
» buildings
| Ancient of War | 1 | |
| Moon Well | 7 | |
| Altar of Elders | 1 | |
| Tree of Ages | 1 | |
| Tree of Life | 2 | |
| Ancient of Wind | 2 | |
| Hunter's Hall | 1 | |
| Ancient Protector | 35 | |
50 total
» build order
00:06 Ancient of War
00:18 Moon Well
01:39 Altar of Elders
02:02 Moon Well
03:08 Tree of Ages
05:14 Moon Well
05:48 Tree of Life
07:00 Ancient of Wind
07:02 Ancient of Wind
08:29 Hunter's Hall
08:50 Moon Well
10:01 Ancient Protector
10:01 Ancient Protector
10:02 Ancient Protector
11:08 Ancient Protector
11:08 Ancient Protector
11:09 Ancient Protector
11:31 Moon Well
12:01 Ancient Protector
12:19 Ancient Protector
13:22 Ancient Protector
13:23 Ancient Protector
13:42 Ancient Protector
13:51 Ancient Protector
14:55 Ancient Protector
15:16 Ancient Protector
15:21 Moon Well
16:47 Ancient Protector
16:48 Ancient Protector
17:04 Ancient Protector
19:13 Ancient Protector
20:09 Tree of Life
20:22 Ancient Protector
21:09 Ancient Protector
21:14 Ancient Protector
21:56 Ancient Protector
21:56 Ancient Protector
22:17 Ancient Protector
22:56 Ancient Protector
22:57 Ancient Protector
22:58 Ancient Protector
22:59 Ancient Protector
23:00 Ancient Protector
29:46 Ancient Protector
29:46 Ancient Protector
30:21 Moon Well
31:09 Ancient Protector
31:12 Ancient Protector
51:35 Ancient Protector
52:16 Ancient Protector
» items
| Lesser Clarity Potion | 1 | |
| Scroll of Regeneration | 1 | |
2 total
team 2 (winner)
JesusIsMyWigman (
orange | 121 APM | 11865 actions | 98:05)
6 Archmage
3 Blizzard
2 Brilliance Aura
1 Mass Teleport
5 Blood Mage
3 Flame Strike
2 Siphon Mana
5 Pit Lord
3 Rain of Fire
2 Cleaving Attack
» actions
| Assign group hotkey | 348 | |
| Basic commands | 49 | |
| Build / train | 156 | |
| Enter build submenu | 104 | |
| Enter hero's abilities submenu | 16 | |
| Give item / drop item | 6 | |
| Right click | 5662 | |
| Select / deselect | 749 | |
| Select group hotkey | 4102 | |
| Use ability | 673 | |
11865 total
» units
| Peasant | 18 | |
| Priest | 6 | |
| Sorceress | 2 | |
26 total
» upgrades
| Masonry | 3 | |
| Lumber Harvesting | 2 | |
| Magic Sentry | 1 | |
| Priest Training | 2 | |
| Sorceress Training | 2 | |
10 total
» buildings
| Altar of Kings | 1 | |
| Farm | 4 | |
| Lumber Mill | 1 | |
| Scout Tower | 122 | |
| Arcane Tower | 9 | |
| Guard Tower | 65 | |
| Keep | 1 | |
| Arcane Vault | 3 | |
| Castle | 1 | |
| Arcane Sanctum | 1 | |
| Town Hall | 1 | |
209 total
» build order
00:04 Altar of Kings
00:18 Farm
00:39 Farm
00:46 Lumber Mill
00:59 Farm
01:20 Scout Tower
01:34 Scout Tower
01:35 Scout Tower
01:47 Scout Tower
02:09 Arcane Tower
02:10 Scout Tower
02:15 Scout Tower
02:25 Guard Tower
02:26 Scout Tower
02:28 Arcane Tower
02:29 Scout Tower
02:31 Scout Tower
02:51 Scout Tower
02:51 Guard Tower
02:54 Guard Tower
02:55 Scout Tower
02:59 Scout Tower
03:00 Guard Tower
03:41 Keep
03:48 Scout Tower
03:49 Guard Tower
03:51 Scout Tower
04:29 Guard Tower
04:31 Scout Tower
04:31 Scout Tower
04:33 Guard Tower
04:34 Scout Tower
04:35 Scout Tower
04:35 Scout Tower
04:37 Guard Tower
04:38 Scout Tower
04:39 Scout Tower
04:40 Scout Tower
04:41 Scout Tower
04:49 Arcane Vault
04:51 Arcane Vault
05:02 Guard Tower
05:03 Guard Tower
05:05 Arcane Tower
05:25 Guard Tower
05:34 Scout Tower
05:36 Scout Tower
05:36 Scout Tower
05:38 Guard Tower
05:39 Scout Tower
05:41 Scout Tower
05:43 Scout Tower
05:43 Scout Tower
05:52 Guard Tower
07:03 Guard Tower
07:04 Scout Tower
07:05 Scout Tower
07:20 Guard Tower
07:23 Scout Tower
07:24 Scout Tower
07:46 Arcane Vault
07:48 Scout Tower
07:59 Guard Tower
08:06 Guard Tower
08:13 Guard Tower
08:52 Castle
09:04 Scout Tower
09:07 Guard Tower
09:18 Arcane Sanctum
09:25 Scout Tower
09:46 Arcane Tower
09:49 Scout Tower
09:55 Guard Tower
09:59 Scout Tower
10:00 Scout Tower
10:07 Scout Tower
10:21 Guard Tower
11:12 Guard Tower
11:15 Scout Tower
11:17 Guard Tower
11:19 Scout Tower
11:28 Scout Tower
11:29 Scout Tower
11:30 Scout Tower
11:38 Scout Tower
12:12 Guard Tower
12:17 Scout Tower
12:17 Scout Tower
12:27 Guard Tower
12:40 Town Hall
12:44 Scout Tower
12:45 Scout Tower
12:46 Scout Tower
13:35 Guard Tower
13:36 Guard Tower
13:38 Scout Tower
13:39 Scout Tower
13:40 Scout Tower
13:41 Arcane Tower
13:42 Guard Tower
13:46 Guard Tower
13:48 Scout Tower
13:49 Scout Tower
13:51 Scout Tower
13:51 Scout Tower
14:14 Guard Tower
14:41 Guard Tower
14:48 Guard Tower
14:48 Guard Tower
14:48 Guard Tower
14:57 Scout Tower
15:17 Guard Tower
15:18 Scout Tower
15:19 Scout Tower
15:21 Scout Tower
15:21 Scout Tower
16:03 Guard Tower
16:11 Guard Tower
16:20 Scout Tower
16:21 Scout Tower
16:23 Guard Tower
16:27 Scout Tower
16:49 Farm
16:53 Guard Tower
17:17 Guard Tower
17:18 Scout Tower
17:21 Scout Tower
17:22 Scout Tower
17:24 Guard Tower
17:27 Scout Tower
17:30 Scout Tower
17:33 Scout Tower
18:05 Guard Tower
18:42 Guard Tower
18:46 Scout Tower
18:47 Scout Tower
18:49 Scout Tower
18:50 Scout Tower
19:07 Guard Tower
19:09 Scout Tower
19:12 Guard Tower
19:14 Scout Tower
19:15 Scout Tower
19:17 Guard Tower
19:21 Scout Tower
19:25 Scout Tower
19:52 Guard Tower
19:54 Scout Tower
19:54 Scout Tower
19:55 Scout Tower
20:01 Guard Tower
20:04 Guard Tower
20:52 Guard Tower
21:05 Guard Tower
21:07 Scout Tower
21:16 Scout Tower
21:17 Scout Tower
21:18 Scout Tower
21:19 Scout Tower
21:20 Scout Tower
21:21 Scout Tower
21:21 Scout Tower
21:22 Scout Tower
21:22 Scout Tower
21:50 Guard Tower
21:51 Scout Tower
21:56 Guard Tower
21:58 Scout Tower
22:01 Scout Tower
22:11 Guard Tower
22:17 Scout Tower
22:23 Guard Tower
22:26 Scout Tower
22:27 Scout Tower
22:30 Scout Tower
22:33 Scout Tower
22:34 Scout Tower
22:47 Guard Tower
22:52 Scout Tower
23:21 Guard Tower
23:22 Guard Tower
23:34 Guard Tower
23:38 Scout Tower
23:39 Scout Tower
24:04 Guard Tower
25:32 Scout Tower
25:33 Scout Tower
25:49 Scout Tower
25:49 Scout Tower
26:01 Guard Tower
26:05 Scout Tower
26:06 Scout Tower
26:07 Scout Tower
26:25 Scout Tower
26:29 Guard Tower
26:42 Guard Tower
26:45 Scout Tower
27:48 Arcane Tower
28:08 Guard Tower
48:32 Guard Tower
71:53 Scout Tower
71:54 Scout Tower
71:55 Scout Tower
71:56 Scout Tower
71:57 Scout Tower
72:58 Arcane Tower
74:27 Arcane Tower
74:34 Scout Tower
75:15 Arcane Tower
» items
| Healing Salve | 2 | |
| Orb of Lightning | 4 | |
| Boots of Speed | 3 | |
| Staff of Teleportation | 3 | |
| Scroll of Regeneration | 1 | |
| Staff of Sanctuary | 3 | |
| Scroll of Town Portal | 1 | |
| Periapt of Vitality | 2 | |
| Circlet of Nobility | 2 | |
| Mechanical Critter | 4 | |
25 total
MerryChristando (
yellow | 94 APM | 9268 actions | 98:05)
10 Blademaster
3 Wind Walk
3 Critical Strike
1 Bladestorm
3 Mirror Image
» actions
| Assign group hotkey | 256 | |
| Basic commands | 51 | |
| Build / train | 83 | |
| ESC pressed | 5 | |
| Enter build submenu | 18 | |
| Enter hero's abilities submenu | 11 | |
| Give item / drop item | 2 | |
| Remove unit from queue | 1 | |
| Right click | 6896 | |
| Select / deselect | 690 | |
| Select group hotkey | 575 | |
| Use ability | 680 | |
9268 total
» units
» upgrades
| Ranged Weapons | 3 | |
| Armor | 2 | |
| Liquid Fire | 1 | |
6 total
» buildings
| Altar of Storms | 1 | |
| Orc Burrow | 4 | |
| War Mill | 1 | |
| Voodoo Lounge | 5 | |
| Stronghold | 2 | |
| Fortress | 3 | |
| Beastiary | 2 | |
18 total
» build order
00:08 Altar of Storms
00:11 Orc Burrow
00:39 War Mill
01:09 Voodoo Lounge
01:16 Voodoo Lounge
01:41 Voodoo Lounge
02:01 Orc Burrow
03:42 Stronghold
04:41 Orc Burrow
06:04 Fortress
06:04 Fortress
06:21 Beastiary
06:22 Beastiary
07:52 Orc Burrow
07:55 Voodoo Lounge
07:57 Voodoo Lounge
» items
| Boots of Speed | 1 | |
| Staff of Teleportation | 1 | |
| Healing Salve | 3 | |
| Lesser Clarity Potion | 4 | |
| Orb of Lightning | 1 | |
| Scroll of Town Portal | 8 | |
| Potion of Lesser Invulnerability | 1 | |
| Periapt of Vitality | 2 | |
21 total
MsClausPlusNine (
pink | 113 APM | 11080 actions | 98:06)
7 Warden
3 Shadow Strike
3 Blink
1 Fan of Knives
6 Pandaren Brewmaster
3 Breath of Fire
2 Drunken Haze
1 Storm Earth and Fire
» actions
| Assign group hotkey | 30 | |
| Basic commands | 18 | |
| Build / train | 87 | |
| Enter build submenu | 22 | |
| Enter hero's abilities submenu | 14 | |
| Give item / drop item | 6 | |
| Remove unit from queue | 3 | |
| Right click | 7515 | |
| Select / deselect | 843 | |
| Select group hotkey | 2040 | |
| Use ability | 502 | |
11080 total
» units
» upgrades
| Nature's Blessing | 1 | |
| Ultravision | 1 | |
| Well Spring | 1 | |
3 total
» buildings
| Altar of Elders | 1 | |
| Moon Well | 30 | |
| Tree of Ages | 1 | |
| Hunter's Hall | 1 | |
| Tree of Eternity | 1 | |
| Tree of Life | 2 | |
| Ancient of Wind | 1 | |
37 total
» build order
00:07 Altar of Elders
00:17 Moon Well
01:16 Moon Well
04:12 Tree of Ages
04:56 Moon Well
04:57 Moon Well
04:57 Moon Well
04:58 Moon Well
06:03 Moon Well
06:04 Moon Well
06:05 Moon Well
06:06 Moon Well
06:33 Moon Well
07:42 Moon Well
07:43 Moon Well
07:44 Moon Well
07:44 Moon Well
08:44 Hunter's Hall
10:57 Tree of Eternity
11:00 Tree of Life
11:03 Tree of Life
11:30 Ancient of Wind
17:34 Moon Well
17:35 Moon Well
17:35 Moon Well
17:36 Moon Well
17:36 Moon Well
17:37 Moon Well
17:46 Moon Well
18:38 Moon Well
18:39 Moon Well
18:40 Moon Well
18:40 Moon Well
34:43 Moon Well
34:44 Moon Well
34:44 Moon Well
34:45 Moon Well
» items
| Healing Salve | 2 | |
| Lesser Clarity Potion | 3 | |
| Orb of Lightning | 2 | |
| Boots of Speed | 2 | |
| Staff of Teleportation | 5 | |
| Staff of Sanctuary | 4 | |
18 total
Chat log
(16:37 / Allies) JesusIsMyWigman: gold!
(32:11 / All) MsClausPlusNine: hi
(32:12 / All) MsClausPlusNine: where are you from?
(32:20 / All) 0neg1n: your mom
(32:27 / All) MsClausPlusNine: u are my sister??
(32:31 / All) MsClausPlusNine: no wonder we're winning
(33:21 / All) MsClausPlusNine: hey
(33:22 / All) MsClausPlusNine: i ate ur archer
(39:51 / All) JesusIsMyWigman: ûr mk
(39:52 / All) JesusIsMyWigman: it dies
(39:55 / All) JesusIsMyWigman: to towers
(40:38 / All) JesusIsMyWigman: UR DARK RANGER
(41:00 / All) JesusIsMyWigman: it died
(41:01 / All) JesusIsMyWigman: ur dr...
(43:14 / All) MerryChristando: dont u care about ur burrows
(43:20 / All) MerryChristando: that's where ur peasunts live. u peasunt
(43:44 / All) JesusIsMyWigman: ur dragonlet
(43:59 / All) JesusIsMyWigman: NOPE
(44:02 / All) JesusIsMyWigman: Noob
(44:09 / All) JesusIsMyWigman: can only focus heroes???
(49:00 / All) MsClausPlusNine: are you winning
(50:29 / All) Notorik: wtf tactic?
(50:42 / All) JesusIsMyWigman: enjoy being owned???
(50:50 / All) 0neg1n: waste of time
(50:54 / All) Notorik: lost time only
(50:57 / All) MsClausPlusNine: I love It
(51:09 / All) MerryChristando: yeah. u are a waste of our time. what with how bad u are. and ur play; and how bad that play is.
(51:23 / All) Notorik: lol
(51:36 / All) Notorik: reLLY NOOB
(51:48 / All) MsClausPlusNine: }owned{
(51:53 / All) MsClausPlusNine: .,-=+
(51:55 / All) MsClausPlusNine: u suck
(52:00 / All) MsClausPlusNine: +=-,.
(52:06 / All) MerryChristando: how do u plan to win. can u tell me this
(52:10 / All) MsClausPlusNine: !!!!!!!!!!!! U ARE BAD !!!!!!!!!!!!!!
(52:12 / All) JesusIsMyWigman: ur wisp0
(52:28 / All) Notorik: lol u are soo gooood
(52:32 / All) JesusIsMyWigman: t y
(52:36 / All) MerryChristando: yes. thank u for noticing
(52:43 / All) MsClausPlusNine: http://highper.ch/ upvote my profile picture
(53:22 / All) JesusIsMyWigman: your towers are bad
(54:35 / All) MerryChristando: do u guys even have any money left
(54:44 / All) 0neg1n: you?
(54:47 / All) MsClausPlusNine: 6k
(54:51 / All) MsClausPlusNine: you?
(55:20 / All) MsClausPlusNine: "bad plays" is not a currency
(55:33 / All) MerryChristando: but if it were u'd be loadfed m8
(60:16 / All) ryu)hero: long night
(60:40 / All) MsClausPlusNine: it's early here in TORONTO, CANADA M5V3R8
(60:41 / All) MerryChristando: this game is wery short actually
(70:00 / All) ryu)hero: very long night
(70:08 / All) JesusIsMyWigman: very fun night
(71:03 / All) MerryChristando: damn. it must be really frusterating to be repeatedly outplayed *_*
(74:36 / All) MerryChristando: haha ur silly dragons
(74:36 / All) MsClausPlusNine: did u know?
(74:42 / All) JesusIsMyWigman: be advised
(74:43 / All) MerryChristando: wait pls
(74:45 / All) MsClausPlusNine: ty
(74:45 / All) JesusIsMyWigman: dragons do splash damage
(74:46 / All) MerryChristando: we're telling u some good avise
(74:47 / All) ryu)hero: fuck
(74:52 / All) JesusIsMyWigman: FUCKK!
(74:59 / All) MsClausPlusNine: u want 2 fuck?
(75:00 / All) MsClausPlusNine: are u cute
(75:07 / All) JesusIsMyWigman: where is ur voodo man
(80:07 / All) Notorik: u are best noobs
(80:11 / All) Notorik: go play tetris
(80:14 / All) MerryChristando: ? but we win. we beat u
(80:19 / All) MerryChristando: we are good. you are bad. understand this
(86:49 / All) MsClausPlusNine: how many dragons
(86:50 / All) MsClausPlusNine: do you have
(86:55 / All) 0neg1n: 2
(87:06 / All) MerryChristando: how many dragons until u win the game?
(87:10 / All) MerryChristando: that's a trick. question. there isno answer
(87:12 / All) MerryChristando: u cannot win. this game
(87:25 / All) JesusIsMyWigman: 400 experience left...
(87:29 / All) MsClausPlusNine: thats a trick. the question is whats your favorite christmas holiday?
(88:04 / All) MsClausPlusNine: OMG
(88:23 / All) MsClausPlusNine: OMG!!!!!!!!!!!!!!!!!!!!
(88:30 / All) MsClausPlusNine: where are u hero?
(88:42 / All) MsClausPlusNine: getting "dragged" "in" 2 hell
(88:59 / All) MerryChristando: gg?
(89:01 / All) MerryChristando: easy?
(89:07 / All) MsClausPlusNine: http://highper.ch/ "long night"
(90:35 / All) MerryChristando: so
(90:37 / All) MerryChristando: what did u learn
(90:46 / All) 0neg1n: you are lazy idiot?
(90:49 / All) Notorik: where is u brain?
(90:53 / All) MsClausPlusNine: you lose to lazy idiot
(91:00 / All) MerryChristando: methinks u didn't learn ANYHTING at all ^^^
(91:07 / All) 0neg1n: no
(91:07 / All) MsClausPlusNine: where are you from
(91:15 / All) MerryChristando: me from UKR btw; greets from ukr
(91:32 / All) Notorik: u are stats are so good
(91:33 / All) MerryChristando: Upper Kingdom Residences (UKR)
(91:35 / All) Notorik: noobs
(91:44 / All) JesusIsMyWigman: THX
(91:46 / All) JesusIsMyWigman: for our first win
(92:01 / All) JesusIsMyWigman: only U are noob enough
(92:11 / All) MerryChristando: thanks for our first win :DDD it's so exciting to finally win
(92:13 / All) Notorik: simply so nooby so lucky
(92:23 / All) MerryChristando: yeah we are very lucky
(92:27 / All) MerryChristando: that we got matched up against U!!!
(92:31 / All) MerryChristando: COS UR SO BAD HAHahahahaAHAHahah
(92:38 / All) JesusIsMyWigman: against good players we never win
(92:44 / All) 0neg1n: i lile waste your time:)
(92:48 / All) MsClausPlusNine: hi lyle
(92:53 / All) MerryChristando: u are wasting your own time, lyle
(92:57 / All) MerryChristando: we were always going to win
(92:58 / All) MsClausPlusNine: im having fun
(93:02 / All) 0neg1n: we dring together
(93:04 / All) MsClausPlusNine: playing vidfeo game
(93:08 / All) 0neg1n: so you suck
(93:13 / All) MsClausPlusNine: i dring
(93:21 / All) MerryChristando: so u claim.. u are too drunk to play good?
(93:24 / All) 0neg1n: alone...
(93:26 / All) MerryChristando: no i think u r too dumb to play good
(93:55 / All) MerryChristando: lol
(93:57 / All) MerryChristando: u must be so excite
(94:01 / All) MerryChristando: thinking that was my real blade
(94:02 / All) MerryChristando: ahahahah
(94:05 / All) MerryChristando: what a f00kin n00b m8
(96:15 / All) MerryChristando: r u redy... 2 die?
(96:20 / All) MerryChristando: u ignorant filth.. off my shoe
(97:02 / All) MerryChristando: this is so embarrassing for u
(97:15 / All) MerryChristando: get out my game
(97:17 / All) MerryChristando: u shitbit birdnoob
(97:18 / All) MerryChristando: get out
(97:19 / All) MerryChristando: of it
(97:20 / All) MsClausPlusNine: 0 dragons lost
(97:21 / All) MerryChristando: remove urself from my game
(97:22 / All) MsClausPlusNine: 8 dragons lost
(97:24 / All) MsClausPlusNine: who is lazy idiot
(97:35 / All) MerryChristando: begone child
(97:44 / All) MsClausPlusNine: http://highper.ch/ click on lazy idiots
(97:51 / All) MerryChristando: go get drung in an alleyway & get run over in the pitch black darkness... of teh night
(98:00 / All) MsClausPlusNine: nothing but owned
(98:03 / All) MerryChristando: wrecked child